Cogmind - Beta 12 @@@ ROGUE MODE // 2023.04.29 @ 01:37:14 Player: Exp. Geonium Core Result: Self-destructed Performance ------------- Evolutions (1) 500 Regions Visited (3) 600 Robots Destroyed (9) 45 Value Destroyed (138) 138 Prototype IDs (0) 0 Alien Tech Used (0) 0 Bonus (0) 0 TOTAL SCORE: 1283 Bonus ------- None Cogmind --------- Core Integrity 69/400 Matter 249/300 Energy 125/125 System Corruption 0% Temperature Cool (0) Movement Rolling (105) Ox1 Location -9/Materials Parts ------- > --- POWER (1) -------- Light Ion Engine > --- PROPULSION (3) --- Light Treads Wheel Compact Wheel > --- UTILITY (3) ------ High-capacity Storage Unit > --- WEAPON (2) ------- Small Laser > --- INVENTORY (20) --- Medium Storage Unit Datajack Datajack Peak State ------------ > --- POWER ------------ Light Nuclear Core > --- PROPULSION ------- Light Treads Light Treads > --- UTILITY ---------- High-capacity Storage Unit > --- WEAPON ----------- Light Assault Rifle Light Assault Rifle > --- INVENTORY -------- Light Ion Engine Light Treads Wheel Compact Wheel Medium Storage Unit Small Laser Light Assault Rifle Datajack Datajack [Rating: 8] Favorites ----------- Power Light Ion Engine Engine Light Ion Engine Power Core Light Nuclear Core Propulsion Light Treads Treads Light Treads Leg Aluminum Leg Wheel Wheel Utility Propulsion Shielding Storage High-capacity Storage Unit Protection Propulsion Shielding Weapon Light Assault Rifle Energy Gun Small Laser Ballistic Gun Light Assault Rifle Build | -11 -10 -10 -9 ------- Run | Jun Mat Min Mat Slots Evolved 2 | . . . 2 Power . | . . . . Propulsion 1 | . . . 1 Utility 1 | . . . 1 Weapon . | . . . . Parts Attached 16 | . 9 . 7 Power 3 | . 1 . 2 Engine 2 | . 1 . 1 Core 1 | . . . 1 Reactor . | . . . . Propulsion 6 | . 3 . 3 Treads 3 | . 2 . 1 Leg 1 | . 1 . . Wheel 2 | . . . 2 Hover . | . . . . Flight . | . . . . Utility 3 | . 3 . . Device . | . . . . Storage 2 | . 2 . . Processor . | . . . . Hackware . | . . . . Protection 1 | . 1 . . Artifact . | . . . . Weapon 4 | . 2 . 2 Energy Gun 1 | . . . 1 Energy Cannon . | . . . . Ballistic Gun 3 | . 2 . 1 Ballistic Cannon . | . . . . Launcher . | . . . . Special Weapon . | . . . . Impact Weapon . | . . . . Slashing Weapon . | . . . . Piercing Weapon . | . . . . Special Melee Weapon . | . . . . Unidentified Prototypes . | . . . . Parts Lost 8 | . 1 . 7 Power 2 | . 1 . 1 Propulsion 2 | . . . 2 Utility 1 | . . . 1 Weapon 3 | . . . 3 Highest Loss Streak 6 | . 1 . 6 To Critical Strikes . | . . . . Average Slot Usage (%) 88 | . 90 100 65 Engine 10 | . 9 14 8 Treads 23 | . 23 28 18 Leg 2 | . 4 . . Storage 13 | . 14 14 11 Protection 9 | . 10 14 3 Energy Gun 5 | . 8 . 2 Ballistic Gun 21 | . 19 28 17 Naked Turns . | . . . . Heaviest Build 47 | 10 46 46 47 Greatest Support 40 | 20 40 40 40 Greatest Overweight (x) 1 | . 1 1 1 Average Overweight (x) . | . . 1 1 Largest Inventory Capacity 20 | . 20 20 20 Average Capacity 16 | . 13 20 20 Most Carried 9 | . 8 8 9 Average Carried 7 | . 7 7 7 Final Capacity 20 | 8 20 20 20 Final Carried 8 | 6 7 8 3 Class Distribution -------------------- 100% | Mutant Dominant Class ---------------- Mutant | -10/Materials Mutant | -10/Mines Mutant | -9/Materials Resources | -11 -10 -10 -9 ----------- Run | Jun Mat Min Mat Matter Collected 345 | 200 79 18 48 Remotely . | . . . . Salvage Created 253 | . 83 . 170 Parts 13 | . 6 . 7 Haulers Intercepted . | . . . . Recyclers Shooed 2 | . . . 2 Parts Field Recycled . | . . . . Retrieved Matter . | . . . . Parts Self-Destructed . | . . . . Prevented . | . . . . Kills | -11 -10 -10 -9 ------- Run | Jun Mat Min Mat Combat Hostiles Destroyed 7 | . 5 . 2 Guns 7 | . 5 . 2 Classes Destroyed 4 | . 1 . 3 Worker 1 | . . . 1 Recycler 1 | . . . 1 Swarmer 5 | . 5 . . Grunt 2 | . . . 2 Best Kill Streak 4 | . 3 . 4 Combat Bots Only 3 | . 3 . 2 Max Kills in Single Turn 2 | . 2 . 1 Gunslinging 1 | . 1 . . Exploded . | . . . . Melee . | . . . . Uniques/NPCs Destroyed . | . . . . Combat | -11 -10 -10 -9 -------- Run | Jun Mat Min Mat Damage Taken 1134 | . 134 98 902 Core 385 | . 22 32 331 Absorbed by Shields . | . . . . Redirected to Shielding 53 | . 8 9 36 Core Remaining (%) 89 | 100 . 78 . Volleys Fired 38 | . 11 2 25 Largest 2 | . 2 2 2 Hottest 60 | . 60 40 40 Shots Fired 70 | . 22 4 44 Gun 70 | . 22 4 44 Cannon . | . . . . Launcher . | . . . . Special . | . . . . Kinetic 64 | . 18 4 42 Thermal 6 | . 4 . 2 Explosive . | . . . . Electromagnetic . | . . . . Robot Hit Streak 13 | . 5 1 13 Robot Miss Streak 5 | . 2 5 2 Penetration Max . | . . . . Secondary Targets 3 | . 2 . 1 Max Gunslinging Chain 1 | . 1 . 1 Shots Hit Robots 49 | . 12 1 36 Core Hits 21 | . 8 . 13 Critical Kills . | . . . . Critical Parts Destroyed . | . . . . Critical Strikes . | . . . . Melee Attacks . | . . . . Impact . | . . . . Slashing . | . . . . Piercing . | . . . . Sneak Attacks . | . . . . Combat Hostiles . | . . . . Follow-up Attacks . | . . . . Damage Inflicted 423 | . 108 10 305 Guns 423 | . 108 10 305 Cannons . | . . . . Explosions . | . . . . Melee . | . . . . Ramming . | . . . . Kinetic 378 | . 85 10 283 Thermal 45 | . 23 . 22 Explosive . | . . . . Electromagnetic . | . . . . Impact . | . . . . Slashing . | . . . . Piercing . | . . . . Highest Corruption . | . . . . Average Corruption . | . . . . Corruption Purged . | . . . . Corruption Blocked . | . . . . Overload Shots . | . . . . Overflow Damage . | . . . . Projectiles . | . . . . Explosions . | . . . . Melee . | . . . . Knockbacks . | . . . . Impact . | . . . . Kinetic . | . . . . Secondary . | . . . . Self-Inflicted Damage . | . . . . Shots . | . . . . Rammed . | . . . . Targets Rammed . | . . . . Kicked . | . . . . Crushed . | . . . . Highest Temperature 20 | . 20 . 12 Average Temperature 7 | . 15 . 5 Received Heat Transfer 372 | . . 18 354 Siege Activations . | . . . . Robots Corrupted . | . . . . Combat Hostiles . | . . . . Parts Fried . | . . . . Impact Corruptions . | . . . . Robots Melted . | . . . . Combat Hostiles . | . . . . Parts Melted . | . . . . Heat Transferred 100 | . 50 . 50 Parts Sabotaged . | . . . . Parts Stolen . | . . . . Parts Stripped . | . . . . Power Chain Reactions . | . . . . Missiles Intercepted . | . . . . Alert | -11 -10 -10 -9 ------- Run | Jun Mat Min Mat Peak Influence 147 | . 147 30 61 Initial 11 | . . . 11 Average 51 | . 82 9 30 Maximum Alert Level . | . . . . Low Security (%) 100 | . 100 100 100 Level 1 . | . . . . Level 2 . | . . . . Level 3 . | . . . . Level 4 . | . . . . Level 5 . | . . . . High Security . | . . . . Max Security . | . . . . Squads Dispatched 2 | . 1 . 1 Investigation . | . . . . Extermination . | . . . . Reinforcement 2 | . 1 . 1 Assault . | . . . . Garrison . | . . . . Intercept . | . . . . Searches Triggered . | . . . . Construction Impeded . | . . . . Haulers Reinforced . | . . . . Active Scanning Responses . | . . . . Cargo Convoy Interrupts . | . . . . Stealth | -11 -10 -10 -9 --------- Run | Jun Mat Min Mat Distress Signals 2 | . 1 . 1 Communications Jammed . | . . . . Distress Signals . | . . . . Times Spotted 22 | . 9 5 8 Peak Tracking Total 6 | . 3 3 6 Tactical Retreats 1 | . . 1 . Traps | -11 -10 -10 -9 ------- Run | Jun Mat Min Mat Traps Triggered 1 | . 1 . . Indirectly . | . . . . Trap Hack Attempts . | . . . . Triggered . | . . . . Disarmed . | . . . . Reprogrammed . | . . . . Reused . | . . . . Traps Extracted . | . . . . Installed . | . . . . Triggered . | . . . . Machines | -11 -10 -10 -9 ---------- Run | Jun Mat Min Mat Machines Disabled . | . . . . Max in Single Turn . | . . . . Machines Repaired . | . . . . Machines Sabotaged . | . . . . Overloaded Fab Kills . | . . . . Hacking | -11 -10 -10 -9 --------- Run | Jun Mat Min Mat Machines Accessed 1 | . 1 . . Terminals 1 | . 1 . . Fabricators . | . . . . Repair Stations . | . . . . Recycling Units . | . . . . Scanalyzers . | . . . . Garrison Access . | . . . . Total Hacks 4 | . 4 . . Successful 1 | . 1 . . Failed 3 | . 3 . . Catastrophic . | . . . . Database Lockouts . | . . . . Manual . | . . . . Terminals 4 | . 4 . . Fabricators . | . . . . Repair Stations . | . . . . Recycling Units . | . . . . Scanalyzers . | . . . . Garrison Access . | . . . . Terminal Hacks 1 | . 1 . . Branch Access Points 1 | . 1 . . Fabricator Hacks . | . . . . Repair Station Hacks . | . . . . Recycling Unit Hacks . | . . . . Scanalyzer . | . . . . Garrison Access Hacks . | . . . . Unauthorized Hacks . | . . . . Terminals . | . . . . Fabricators . | . . . . Repair Stations . | . . . . Recycling Units . | . . . . Scanalyzers . | . . . . Garrison Access . | . . . . Data Cores Recovered . | . . . . Used . | . . . . Hacking Detections 1 | . 1 . . Full Trace Events . | . . . . Feedback Events . | . . . . Feedback Blocked . | . . . . Robot Schematics Acquired . | . . . . Robots Built . | . . . . Authchips . | . . . . Time . | . . . . Total Robot Build Rating . | . . . . Part Schematics Acquired . | . . . . Parts Built . | . . . . Authchips . | . . . . Time . | . . . . Total Part Build Rating . | . . . . Parts Repaired . | . . . . Time . | . . . . Parts Recycled . | . . . . Recycled Matter . | . . . . Retrieved Matter . | . . . . Retrieved Components . | . . . . Parts Scanalyzed . | . . . . Part Schematics Acquired . | . . . . Parts Damaged . | . . . . Bothacking | -11 -10 -10 -9 ------------ Run | Jun Mat Min Mat Used RIF Installer . | . . . . Robots Hacked . | . . . . Non-combat . | . . . . Combat . | . . . . Robot Hacks Applied . | . . . . Relay Couplers Released . | . . . . Fabnet Peak Effective % . | . . . . Robots Rewired . | . . . . Allies Hacked . | . . . . Hacks Repelled . | . . . . Allies | -11 -10 -10 -9 -------- Run | Jun Mat Min Mat Total Allies . | . . . . Largest Group . | . . . . Highest-Rated Group . | . . . . Highest-Rated Ally . | . . . . Total Orders . | . . . . Ally Attacks . | . . . . Total Damage . | . . . . Kills . | . . . . Allies Corrupted . | . . . . Allies Melted . | . . . . Intel | -11 -10 -10 -9 ------- Run | Jun Mat Min Mat Robot Analysis Total . | . . . . Derelict Logs Recovered . | . . . . Drone Launches . | . . . . Drone Recoveries . | . . . . Exploration | -11 -10 -10 -9 ------------- Run | Jun Mat Min Mat Turns Passed 793 | . 411 225 157 Spaces Moved 336 | 1 197 92 46 Core . | . . . . Treads 264 | . 143 92 29 Legs 55 | 1 54 . . Wheels 17 | . . . 17 Hover . | . . . . Flight . | . . . . Fastest Speed 105 | 120 120 240 105 Average Speed 200 | 120 185 240 190 Slowest Speed 240 | 120 240 240 240 Overloaded Moves . | . . . . Propulsion Burnouts . | . . . . Robots Hopped . | . . . . Cave-ins Triggered . | . . . . Exploration Rate (%) 20 | 2 43 27 10 Regions Visited 3 Branch Regions 1 Pre-discovered Areas . | . . . . Known Exits Taken 1 | . 1 . . Unknown Exits Taken 2 | 1 . 1 . Scrap Searched . | . . . . Spaces Dug . | . . . . Terrain Destroyed . | . . . . Melee . | . . . . Projectile . | . . . . AOE . | . . . . Terrain Rammed . | . . . . Walls Destroyed . | . . . . Machines Disabled . | . . . . Actions | -11 -10 -10 -9 --------- Run | Jun Mat Min Mat Total 397 | . 224 94 79 Wait 1 | . . . 1 Move 333 | . 196 91 46 Hop . | . . . . Pick Up 4 | . 3 1 . Fast Attach 4 | . 4 . . Attach 9 | . 3 . 6 Detach . | . . . . Swap 3 | . 2 . 1 Drop 5 | . 5 . . Fire 38 | . 11 2 25 Melee . | . . . . Ram . | . . . . Kick . | . . . . Crush . | . . . . Escape Stasis . | . . . . Rewire . | . . . . Trap . | . . . . Miscellaneous . | . . . . Route ------- -11/Junkyard -10/Materials (discovered 3 exits: [*Mat] / *Min x2) -10/Mines (discovered 2 exits: [*Mat x2]) -9/Materials History --------- Turn | Location | Event 1 | -11/Junkyard | Discovered new exit (range 0) 1 | -11/Junkyard | Entered Materials 67 | -10/Materials | Identified exit to Mines 163 | -10/Materials | Discovered new exit (range 5) 303 | -10/Materials | Build established: Mutant 412 | -10/Materials | Entered Mines 427 | -10/Mines | Met a Derelict bent on vengeance 536 | -10/Mines | Discovered new exit (range 14) 603 | -10/Mines | Discovered new exit (range 10) 637 | -10/Mines | Entered Materials 637 | -9/Materials | Evolved 2 slots: Propulsion x1, Utility x1 769 | -9/Materials | Core integrity fell below 50% 782 | -9/Materials | Core integrity fell below 20% 794 | -9/Materials | Self-destructed Last Messages --------------- 00733_ K-01 Serf collects debris. 00736_ K-01 Serf cleans the Purification Channel. 00737_ R-06 Scavenger collects Heat Sink. 00740_ K-01 Serf cleans the Purification Channel. 00740_ R-06 Scavenger collects Lgt. Ion Engine. 00744_ R-06 Scavenger collects Aluminum Leg. 00745_ K-01 Serf collects debris. 00751_ K-01 Serf destroyed. 00753_ Lgt. Assault Rifle destroyed. 00756_ Lgt. Treads destroyed. 00757_ Lgt. Nuclear Core destroyed. 00763_ Lgt. Assault Rifle destroyed. 00769_ Lgt. Treads destroyed. 00771_ L-31 Rogue destroyed. 00779_ K-01 Serf collects debris. 00780_ O-16 Technician: "IFF HANDSHAKE FAILED. SECURING TERMINAL." 00781_ O-16 Technician uses terminal to summon reinforcements. 00781_ ALERT: Hostiles spotted, dispatching reinforcements to Terminal M001. 00781_ O-16 Technician locks terminal. Map ----- +----------------------------------------------------+ | ?????????????????????????????????????????????????? | | ?????????????????????????????????????????????????? | | ?????????????????????????????????????????????????? | | ? ???????????????????????????????????????????? | | ? ?????????????????????????????????????????? | | ?? ???????????????????????????????????? | | ???????????????????????????????????? | | ??????????????????????????????????? | | +?????????????????????????????????? | | #?????????????????????????????????? | | #?????????????????????????????????? | | #?????????????????????????????????? | | #?????????????????????????????????? | | ? #?????????????????????????????????? | | ?? #????#+#??????????????????????????? | | ??# ###### ##?????????????????????????? | | ??#^ ^ #?????????????????????????? | | ??# % ^ +?????????????????????????? | | ??# " """"" o ""#?????????????????????????? | | ??#%% """"""""" T"#?????????????????????????? | | ??#[=%*""" """ ""#####+#####???????????????? | | ??# *=%%/ #???????????????? | | ??# !% #???????????????? | | ??# ############### ## #???????????????? | | ??## ##?????????????# #???????????????????? | | ???# #??????????????#//@![[#???????????????????? | | ???# #??????????????#//!![[#???????????????????? | | ???# #??????????????########???????????????????? | | ???# #?????????????????????????????????????????? | | ???# #??########???????????????????????????????? | | ##?# #? #???????????????????????????????? | | ?# #? #???????????????????????????????? | | # # #???????????????????????????????? | | # # #???????????????????????????????? | | + + #???????????????????????????????? | | "" # # #???????????????????????????????? | | Y" # # #???????????????????????????????? | | ""?# #? #???????????????????????????????? | | ?#####?#########???????????????????????????????? | | #????????????????????????????????????????????????? | | ?????????????????????????????????????????????????? | | ?????????????????????????????????????????????????? | | ?????????????????????????????????????????????????? | | ?????????????????????????????????????????????????? | | | | | | | | | | | | | +----------------------------------------------------+ Best States ------------- Heat Dissipation 28 Energy Generation 14 Energy Capacity 160 Matter Stores 300 Matter Capacity 300 Sight Range 16 Terrain Scan Density 10 Propulsion Shielding 33 Evasion (%) 55 Recoil Reduction 2 Item Schematics ----------------- None Robot Schematics ------------------ None Fabricated ------------ Nothing Alien Tech Used ----------------- None Achievements -------------- None Challenges ------------ None Game ------ Seed KineticActuatorReconstructor Manual? 0 Play Time 00:06:58 Cumulative 421.9 hours Start 2023.04.29 @ 01:27:03 End 2023.04.29 @ 01:37:14 Sessions 1 Manual Loads 0 Difficulty Rogue Special Mode None Game No. 460 Rogue 460 Adventurer 0 Explorer 0 Win Type - Total 12 Types 8/0/3/1/0/0/0/0/0 Lore% 82 Gallery% 90 Achievement% 80 Wizard Run 0 Options --------- ASCII 0 Keyboard 0 Movement Numpad Keybinds 0 Fullscreen 1 Font 18/Terminus Map View 76x50 Tactical HUD 1 Map Filters NONE Filters NONE Steam 1 RUN: 89087692-c0cb-45ff-9f05-ed04f504ab2a